 Dungeon Crawl Stone Soup version 0.30-a0-222-ge547ba4400 (webtiles) character file.

Game seed: 18353303734865736139

87 Aibolit the Chopper (level 4, 0/40 HPs)
             Began as a Hill Orc Fighter on Oct 8, 2022.
             Killed by divine providence
             ... invoked by an orc priest
              (15 damage)
             ... on level 3 of the Dungeon.
             The game lasted 00:01:46 (1847 turns).

Aibolit the Chopper (Hill Orc Fighter)              Turns: 1847, Time: 00:01:47

Health: 0/40       AC:  7    Str: 20    XL:     4   Next: 51%
Magic:  4/4        EV:  9    Int:  8    God:
Gold:   111        SH:  4    Dex: 10    Spells: 3/3 levels left

rFire   . . .      SeeInvis .    a - +0 war axe
rCold   . . .      Faith    .    c - +0 buckler
rNeg    . . .      Spirit   .    b - +0 scale mail
rPois   .          Reflect  .    (no helmet)
rElec   .          Harm     .    (no cloak)
rCorr   .          Rampage  .    (no gloves)
Will    .....                    (no boots)
Stlth   ..........               (no amulet)
HPRegen 0.26/turn                (no ring)
MPRegen 0.09/turn                (no ring)

@: mighty
A: no striking features
a: Convert to Beogh


You were on level 3 of the Dungeon.
You visited 1 branch of the dungeon, and saw 3 of its levels.

You collected 111 gold pieces.

Inventory:

Hand Weapons
 a - a +0 war axe (weapon)
Armour
 b - a +0 scale mail (worn)
 c - a +0 buckler (worn)
Jewellery
 r - a +6 ring of intelligence
Scrolls
 e - 2 scrolls of magic mapping {unknown}
 f - a scroll of vulnerability {unknown}
 g - a scroll of acquirement {unknown}
 h - 3 scrolls of teleportation {unknown}
 j - 4 scrolls of identify {unknown}
 k - a scroll of blinking {unknown}
 m - a scroll of immolation {unknown}
 n - a scroll of amnesia {unknown}
 q - a scroll of enchant armour {unknown}
Potions
 i - a potion of curing {unknown}
 l - a potion of berserk rage {unknown}
 o - a potion of magic {unknown}
 p - a potion of brilliance {unknown}


   Skills:
 + Level 4.0 Fighting
 + Level 4.3 Axes
 + Level 3.9 Armour
 + Level 0.3 Dodging
 + Level 0.7 Stealth
 + Level 3.6 Shields


You had 3 spell levels left.
You didn't know any spells.
Your spell library contained the following spells:

 Spells                   Type           Power      Damage    Failure   Level
 Sting                    Tmut/Pois      0%         1d3       85%         1
 Poisonous Vapours        Pois/Air       0%         N/A       94%         2
 Olgreb's Toxic Radiance  Pois           0%         N/A       100%        4


Dungeon Overview and Level Annotations

Branches:
Dungeon (3/15)

Altars:
Trog


Message History

The orc priest hits you from afar with a +0 trident.
The orc barely misses you.
You barely miss the orc.
The orc priest hits you from afar with a +0 trident.
You block the orc's attack.
An endoplasm comes into view.
The orc hits you with a +0 flail.
The orc priest shouts, "Join the one true god or die!"
The orc priest hits you from afar with a +0 trident!
You feel very mighty all of a sudden.
The endoplasm quivers.
The orc hits you with a +0 flail.
The orc priest looks satisfied for a moment.
You closely miss the orc.
The orc priest hits you but does no damage.
The orc hits you with a +0 flail.
You are too injured to fight recklessly!
You are too injured to fight recklessly!
You are too injured to fight recklessly!
You are too injured to fight recklessly!
You are too injured to fight recklessly!
You barely miss the orc. You block the orc's attack.
The orc priest hits you but does no damage.
You hit the orc.
The orc is heavily wounded.
The orc priest calls upon Beogh to heal the orc.
The orc's wounds heal themselves!
You block the orc's attack. The orc hits you with a +0 flail.
You slash the orc!
You kill the orc!
You hit the orc.
The orc is heavily wounded.
The orc priest hits you from afar with a +0 trident.
The orc barely misses you.
You slash the orc!
You kill the orc!
You block the orc priest's attack. The orc priest completely misses you.
The orc priest calls down the wrath of Beogh upon you.
Beogh smites you!
You die... ♣♣♣P.♣ ♣PPPP♣

. #....# .. ##..###
... #.....####### ....
##........... .....
####.#######
.....J######.....##
#...oo@..........#####
#...o########........#
#... #........# ###
#........##
#.........#
###+#####.# #.# #.#
#.#####.. ###)#......


You could see an orc priest, 2 orcs and an endoplasm.

Vanquished Creatures
  2 adders (D:2)
  A worm (D:2)
  3 dart slugs
  2 orcs (D:3)
  3 ball pythons (D:2)
  5 bats
  7 endoplasms
  3 giant cockroaches
  4 goblins
  3 hobgoblins (D:1)
  3 jackals (D:1)
  6 kobolds
  A quokka (D:1)
  6 frilled lizards
  5 rats
54 creatures vanquished.

Notes
Turn   | Place    | Note
-------+----------+-------------------------------------------
     0 | D:1      | Aibolit the Hill Orc Fighter began the quest for the Orb.
     0 | D:1      | Reached XP level 1. HP: 19/19 MP: 1/1
    88 | D:1      | Reached XP level 2. HP: 23/27 MP: 2/2
   412 | D:1      | Reached XP level 3. HP: 27/33 MP: 3/3
  1231 | D:2      | Reached XP level 4. HP: 35/40 MP: 4/4
  1532 | D:2      | Found a bloodstained altar of Trog.
  1847 | D:3      | Killed from afar by an orc priest

Illustrated notes

Levels and vault maps discovered:
D:1:      dpeg_arrival_pond, layout_basic, minmay_quantized
D:2:      layout_basic, basic_altar
D:3:      layout_basic, uniq_grinder, uniq_crazy_yiuf_cottage, uniq_jessica,
          uniq_ijyb

Skill      XL: |  1  2  3 |
---------------+----------+-----
Axes           | 3 4 |  4.3
Fighting       | 4 |  4.0
Armour         | |  3.9
Dodging        | |  0.3
Stealth        | |  0.7
Shields        | |  3.6

Action                   |  1- 3 |  4- 6 || total
-------------------------+-------+-------++-------
Melee: War axe           |   110 |    35 ||   145
  Use: Potion            |       |     1 ||     1
Armor: Scale mail        |    59 |    15 ||    74
Dodge: Dodged            |    47 |    20 ||    67
Block: Buckler           |    18 |    11 ||    29

Table legend: (Time is in decaauts)
 A = Elapsed time spent in this place.
 B = Non-inter-level travel time spent in this place.
 C = Inter-level travel time spent in this place.
 D = Time resting spent in this place.
 E = Time spent auto-exploring this place.
 F = Levels seen in this place.
 G = Mean time per level.
                   A        B        C        D        E       F      G
               +--------+--------+--------+--------+--------+-----+--------+
         Total |   1897 |   1854 |     43 |      0 |   1486 |   3 |  632.3 |
       Dungeon |   1897 |   1854 |     43 |      0 |   1486 |   3 |  632.3 |
               +--------+--------+--------+--------+--------+-----+--------+

Top non-repeatable levels by time:
     D:1: 1000 daAuts
     D:2: 824 daAuts
     D:3: 72 daAuts
